 Dungeon Crawl Stone Soup version 0.27-a0-972-gd1521fd518 (webtiles) character file.

Game seed: 4218044304935317861

1988 polve the Schismatic (level 9, -2/72 HPs)
             Began as a Demonspawn Abyssal Knight on Apr 13, 2021.
             Was an Elder of Lugonu.
             Slain by a scorpion (5 damage)
             ... on level 7 of the Dungeon.
             The game lasted 00:07:43 (6269 turns).

polve the Schismatic (Demonspawn Abyssal Knight)    Turns: 6269, Time: 00:07:44

Health: -2/72      AC:  9    Str: 14 (15) XL:     9   Next: 1%
Magic:  15/15      EV:  9    Int: 11 (14) God:    Lugonu [****..]
Gold:   259        SH:  8    Dex: 11 (13) Spells: 8/8 levels left

rFire    . . .     SeeInvis +   l - +3 short sword (vamp)
rCold    . . .     Faith    .   (no shield)
rNeg     . . .     Spirit   .   j - +0 scale mail
rPois    .         Reflect  .   (no helmet)
rElec    .         Harm     .   o - +0 cloak
rCorr    +         Rampage  .   (no gloves)
Will     .....                  s - +0 pair of boots
Stlth    ..........             h - amulet of regeneration
HPRegen  1.22/turn              u - ring of see invisible
MPRegen  0.14/turn              k - ring of resist corrosion

@: lethally poisoned (-2 -> -2)
A: large bone plates 1, foul stench 1, condensation shield
a: Renounce Religion, Depart the Abyss, Bend Space, Banish, Corrupt


You were on level 7 of the Dungeon.
You worshipped Lugonu.
Lugonu was greatly pleased with you.
You visited 1 branch of the dungeon, and saw 7 of its levels.
You visited the Abyss 1 time.
You also visited: Sewer.

You collected 259 gold pieces.

Inventory:

Hand Weapons
 a - a +1 short sword
 l - a +3 vampiric short sword (weapon)
 v - a +0 short sword of electrocution
Missiles
 A - 8 atropa-tipped darts
Armour
 j - a +0 scale mail (worn)
 o - a +0 cloak (worn)
 s - a +0 pair of boots (worn)
Jewellery
 h - an amulet of regeneration (around neck)
 k - a ring of resist corrosion (right hand)
 t - a ring of magical power
 u - a ring of see invisible (left hand)
 B - a +6 ring of dexterity
Scrolls
 b - 3 scrolls of summoning {unknown}
 c - 10 scrolls of identify {unknown}
 d - 2 scrolls of enchant weapon {unknown}
 e - 3 scrolls of enchant armour {unknown}
 g - a scroll of vulnerability {unknown}
 n - 2 scrolls of amnesia {unknown}
 p - 2 scrolls of teleportation {unknown}
 r - 4 scrolls of noise {unknown}
 x - 2 scrolls of fog {unknown}
 y - 3 scrolls of magic mapping {unknown}
 z - a scroll of holy word {unknown}
 C - a scroll of acquirement {unknown}
 D - a scroll of fear {unknown}
Potions
 i - a potion of curing
 m - a potion of degeneration
 q - a potion of flight {unknown}
 w - a potion of magic {unknown}


   Skills:
 + Level 7.6 Fighting
 + Level 6.5 Short Blades
 - Level 3.1 Armour
 - Level 0.8 Dodging
 - Level 8.0 Invocations


You had 8 spell levels left.
You didn't know any spells.
Your spell library contained the following spells:

 Spells                   Type           Power      Damage    Failure   Level
 Summon Small Mammal      Summ           0%         N/A       82%         1
 Call Imp                 Summ           0%         N/A       91%         2
 Call Canine Familiar     Summ           0%         N/A       99%         3
 Summon Guardian Golem    Hex/Summ       0%         N/A       99%         3
 Summon Ice Beast         Ice/Summ       0%         N/A       100%        4
 Summon Lightning Spire   Summ/Air       0%         N/A       100%        4


Dungeon Overview and Level Annotations

Branches:
Dungeon (7/15)              Sewer (visited)
 Temple: D:4-7

Altars:
Dithmenos
Gozag
Kikubaaqudgha
Okawaru
Qazlal
Sif Muna
Wu Jian
Xom
Yredelemnul
Zin

Shops:
D:4 [*=![   D:6 [!

Annotations:
D:5 2 transporters, emiel's ghost, novice DjWn


Innate Abilities, Weirdness & Mutations

You are partially covered in large bone plates. (SH +4)
You may rarely emit foul miasma when damaged in melee.
A meltable shield of frost defends you. (SH +4)


Message History

The scorpion stings you. The gnoll hits you but does no damage.
You hit the scorpion.
You feel better.
The scorpion is severely wounded.
You block the gnoll's attack. The scorpion stings you!
* * * LOW HITPOINT WARNING * * *
You are poisoned.
The scorpion poisons you!
You completely miss the scorpion.
The scorpion is severely wounded.
You feel very sick. You block the gnoll's attack. The scorpion stings you.
* * * LOW HITPOINT WARNING * * *
You hit the scorpion.
You feel better.
The scorpion is almost dead.
You feel sick. The gnoll hits you but does no damage.
The gnoll hits you with a +0 whip.
* * * LOW HITPOINT WARNING * * *
The scorpion stings you but does no damage.
You feel better. The gnoll barely misses you. x2
You block the scorpion's attack. You block the gnoll's attack.
You barely miss the scorpion.
The scorpion is almost dead.
The gnoll completely misses you. The scorpion stings you.
* * * LOW HITPOINT WARNING * * *
You are poisoned.
The scorpion poisons you! The gnoll hits you with a +0 whip.
* * * LOW HITPOINT WARNING * * *
You emit a cloud of foul miasma!
You hit the scorpion but do no damage.
The scorpion is almost dead.
You feel sick. You block the gnoll's attack. You block the scorpion's attack.
The gnoll is engulfed in dark miasma.
The gnoll is poisoned.
The gnoll seems to slow down.
The gnoll misses you.
You hit the scorpion but do no damage.
The scorpion is severely wounded.
You feel sick.
The gnoll hits you from afar with a +0 spear!
* * * LOW HITPOINT WARNING * * *
The scorpion stings you.
You die...

#.....#.#
#.....#g#####
#og..s.....
#.####### #
#ggo)...#
#.##gs###s#
#.###.....# #.#
##.#..###.####g#
..........)g@s$#
#......#.######
..#.....#
#.#.###
..###....###
...........#
##########<.#.#
............#.#
..............#


You could see a scorpion and 2 gnolls.

Vanquished Creatures
  Grinder (D:6)
  A sky beast (D:5)
  An orc warrior (D:7)
  An ogre (D:4)
  2 phantoms
  3 kobold brigands (Sewer)
  A bullfrog (D:6)
  A scorpion (D:6)
  A wyvern skeleton (D:5)
  2 vampire bats (D:3)
  A bullfrog zombie (D:5)
  A jelly (D:4)
  3 gnoll shamans
  2 hounds
  4 orc priests
  8 iguanas
  2 hound skeletons (D:5)
  15 gnolls
  7 adders
  A river rat (Sewer)
  2 ufetubi (D:6)
  3 worms (Sewer)
  2 dart slugs
  5 orcs
  4 bats
  6 bat skeletons (D:3)
  9 endoplasms
  4 giant cockroaches
  6 hobgoblins
  4 jackals (D:2)
  11 kobolds
  9 quokkas
  10 ball pythons
  2 frilled lizards (D:2)
  5 goblins
  12 rats
152 creatures vanquished.

Notes
Turn   | Place    | Note
-------+----------+-------------------------------------------
     0 | Abyss:1  | polve the Demonspawn Abyssal Knight began the quest for the
                  | Orb.
     0 | Abyss:1  | Reached XP level 1. HP: 18/18 MP: 2/2
    48 | Abyss:1  | Found a corrupted altar of Lugonu.
    99 | Abyss:1  | Noticed a worldbinder
   124 | Abyss:2  | Noticed a ynoxinul
   146 | Abyss:2  | Noticed a quasit
   149 | D:1      | Escaped the Abyss
   509 | D:1      | Reached * piety under Lugonu
   510 | D:1      | Gained mutation: You are partially covered in large bone
                  | plates. (SH +4) [demonic ancestry]
   510 | D:1      | Reached XP level 2. HP: 24/24 MP: 3/3
  1300 | D:2      | Reached XP level 3. HP: 29/29 MP: 4/4
  2552 | D:4      | Found Zehokk's Distillery.
  2669 | D:4      | Found a glowing drain.
  2677 | D:4      | Reached XP level 4. HP: 35/35 MP: 5/5
  2695 | Sewer    | Entered a sewer
  2745 | Sewer    | Reached ** piety under Lugonu
  2863 | Sewer    | Noticed a kobold brigand
  2893 | Sewer    | Killed a kobold brigand
  2894 | Sewer    | Reached XP level 5. HP: 19/42 MP: 6/6
  3278 | Sewer    | Reached skill level 5 in Fighting
  3278 | Sewer    | Reached XP level 6. HP: 48/51 MP: 7/7
  3401 | D:4      | You fall into a shaft and drop 2 floors!
  3402 | D:6      | Noticed a sky beast
  3404 | D:5      | Entered Level 5 of the Dungeon
  3426 | D:5      | Killed a sky beast
  3427 | D:5      | Reached skill level 4 in Invocations
  3448 | D:4      | Found Ranteddu's Armour Boutique.
  3563 | D:3      | Found an ancient bone altar of Kikubaaqudgha.
  3617 | D:3      | Reached skill level 5 in Invocations
  3619 | D:3      | Reached XP level 7. HP: 56/56 MP: 9/11
  3814 | D:3      | Found a shimmering blue altar of Sif Muna.
  3926 | D:4      | Reached skill level 6 in Invocations
  3955 | D:4      | Found Girph's Jewellery Boutique.
  3984 | D:4      | Found Sezeofim's General Store.
  4057 | D:4      | Found Zoruow's Armour Shoppe.
  4397 | D:4      | Found a shimmering altar of Xom.
  4672 | D:5      | Reached skill level 7 in Invocations
  4861 | D:5      | Reached *** piety under Lugonu
  4900 | D:5      | Reached skill level 8 in Invocations
  5090 | D:5      | Found a transporter.
  5092 | D:5      | Noticed emiel's ghost (novice DjWn)
  5098 | D:5      | Found a transporter.
  5166 | D:5      | Gained mutation: You may rarely emit foul miasma when
                  | damaged in melee. [demonic ancestry]
  5166 | D:5      | Reached XP level 8. HP: 61/63 MP: 14/14
  5215 | D:5      | Found an opulent altar of Gozag.
  5308 | D:6      | Found a shadowy altar of Dithmenos.
  5319 | D:6      | Found Atruweim's Antique Armour Emporium.
  5347 | D:6      | Reached skill level 5 in Short Blades
  5430 | D:6      | Noticed Grinder
  5443 | D:6      | Paralysed by Grinder for 7 turns
  5460 | D:6      | Paralysed by Grinder for 6 turns
  5493 | D:6      | Killed Grinder
  5534 | D:6      | Found a stormy altar of Qazlal.
  5721 | D:6      | Found an ornate altar of the Wu Jian Council.
  5721 | D:6      | Found an iron altar of Okawaru.
  5721 | D:6      | Found a basalt altar of Yredelemnul.
  5789 | D:6      | Found Roullyer's Distillery.
  6200 | D:7      | Reached **** piety under Lugonu
  6212 | D:7      | Gained mutation: A meltable shield of frost defends you.
                  | (SH +4) [demonic ancestry]
  6212 | D:7      | Reached XP level 9. HP: 50/72 MP: 15/15
  6269 | D:7      | HP: 3/72 [gnoll/+0 spear (8)]
  6269 | D:7      | Slain by a scorpion

Illustrated notes

Levels and vault maps discovered:
D:1:      evilmike_arrival_plus, layout_basic
D:2:      layout_rooms
D:3:      layout_basic, kennysheep_vampire_church, lemuel_tele_altar
D:4:      layout_basic, tgw_xom, lemuel_doored_altar, gup_sewer_entry_pipe,
          serial_shops, nicolae_shop_behind_doors, shop_statue, shop,
          nicolae_shop_statue_plus, nicolae_shop_stone
D:5:      layout_basic, marbit_many_paths, gammafunk_ghost_smash
D:6:      layout_basic, overflow_temple_1_default,
          gammafunk_temple_overflow_forgotten, nicolae_overflow_crystal_walls,
          serial_shops, nicolae_shop_waterfront, nicolae_shop_crystal,
          uniq_grinder
D:7:      layout_basic, lemuel_crystal_altar, minmay_temple_entry_proselytizer,
          lemuel_another_geyser

Skill      XL: |  1  2  3  4  5  6  7  8 |
---------------+-------------------------+-----
Short Blades   | 2 3 4 6 |  6.5
Armour         | 2 3 |  3.1
Fighting       | 5 7 |  7.6
Invocations    | 5 8 |  8.0
Dodging        | |  0.8

Action                   |  1- 3 |  4- 6 |  7- 9 || total
-------------------------+-------+-------+-------++-------
Melee: Short sword       |   171 |   221 |   479 ||   871
Invok: Depart the Abyss  |     1 |       |       ||     1
  Use: Potion            |       |       |     7 ||     7
Armor: Ring mail         |    11 |       |       ||    11
       Scale mail        |    89 |    89 |   175 ||   353
Dodge: Dodged            |   130 |    86 |   230 ||   446
Block: Other             |    31 |    30 |    98 ||   159

Table legend: (Time is in decaauts)
 A = Elapsed time spent in this place.
 B = Non-inter-level travel time spent in this place.
 C = Inter-level travel time spent in this place.
 D = Time resting spent in this place.
 E = Time spent auto-exploring this place.
 F = Levels seen in this place.
 G = Mean time per level.
                   A        B        C        D        E       F      G
               +--------+--------+--------+--------+--------+-----+--------+
         Total |   6325 |   6140 |    185 |      0 |   4703 |  10 |  632.5 |
       Dungeon |   5367 |   5182 |    185 |      0 |   4068 |   7 |  766.7 |
         Abyss |    148 |    148 |      0 |      0 |     98 |   2 |   74.0 |
         Sewer |    809 |    809 |      0 |      0 |    536 |   1 |  809.0 |
               +--------+--------+--------+--------+--------+-----+--------+

Top non-repeatable levels by time:
     D:4: 1419 daAuts
     D:1: 1078 daAuts
     D:3: 895 daAuts
     D:6: 814 daAuts
   Sewer: 809 daAuts
     D:5: 656 daAuts
     D:2: 368 daAuts
     D:7: 134 daAuts
 Abyss:1: 116 daAuts
 Abyss:2: 32 daAuts
